 Dungeon Crawl Stone Soup version 0.31-a0-1134-gb247575874 (webtiles) character file.

Game seed: 6570864388580049546

4 kae the Vexing (level 1, -1/13 HPs)
             Began as a Demonspawn Enchanter on Dec 5, 2023.
             Slain by an adder (2 damage)
             ... on level 2 of the Dungeon.
             The game lasted 00:00:10 (133 turns).

kae the Vexing (Demonspawn Enchanter)                Turns: 133, Time: 00:00:11

Health: -1/13      AC:  2    Str:  8    XL:     1   Next: 58%
Magic:  3/3        EV: 12    Int: 15    God:
Gold:   30         SH:  0    Dex: 13    Spells: 4/4 levels left

rFire   . . .        a - +1 dagger
rCold   . . .        (no shield)
rNeg    . . .        b - +0 robe
rPois   .            (no helmet)
rElec   .            (no cloak)
rCorr   .            (no gloves)
SInv    .            (no boots)
Will    .....        (no amulet)
Stlth   ++           (no ring)
HPRegen 0.22/turn    (no ring)
MPRegen 0.08/turn

%: no passive effects
@: lethally poisoned (-1 -> -4)
A: no striking features
a: no special abilities


You were on level 2 of the Dungeon.
You visited 1 branch of the dungeon, and saw 2 of its levels.

You collected 30 gold pieces.


   Skills:
 + Level 0.2 Fighting
 * Level 1.1 Short Blades
 - Level 1.7 Dodging
 * Level 2.8 Stealth
 + Level 2.0 Spellcasting
 + Level 3.0 Hexes


You had 4 spell levels left.
You didn't know any spells.
Your spell library contained the following spells:

 Spells                   Type           Power      Damage    Failure   Level
 Ensorcelled Hibernation  Hex/Ice        12%        N/A       19%         2
 Confusing Touch          Hex            10%        N/A       19%         3
 Tukima's Dance           Hex            10%        N/A       19%         3
 Dazzling Flash           Conj/Hex       12%        N/A       34%         3

Inventory:

Hand Weapons
 a - a +1 dagger (weapon)
Missiles
 g - 13 stones
Armour
 b - a +0 robe (worn)
Scrolls
 f - a scroll of vulnerability {unknown}
Potions
 c - 2 potions of invisibility
 d - a potion of curing {unknown}
 e - a potion of enlightenment {unknown}

Dungeon Overview and Level Annotations

Branches:
Dungeon (1/15) Zot: 11867

Altars:
Yredelemnul

# ### #.#..
#.#.### #
.....###.
#.#.... #
#....# #.
#.#.###.#
#.##...@S..#
#....#.#####
###.###.#
##..## #.#
##..### #..
#.....# #..
#.....## ...
##.._...# ..
#......#..#


You could see an adder.


Message History

You are too injured to fight recklessly! 😮 HP[-4]
You take 4 damage, and now have 9/13 hp.
MASSIVE DAMAGE!! (PAUSE)
You are too injured to fight recklessly!
You are too injured to fight recklessly!
You are too injured to fight recklessly!
You are too injured to fight recklessly!
You are too injured to fight recklessly!
You are too injured to fight recklessly!
Unknown command.
You hit the quokka. The quokka misses you.
You hit the quokka but do no damage. The quokka bites you. 😮 HP[-2]
You take 2 damage, and now have 7/13 hp.
You barely miss the quokka. The quokka barely misses you.
You closely miss the quokka. The quokka misses you. 😮 HP[+1]
You hit the quokka. The quokka misses you. The quokka closely misses you.
You barely miss the quokka. The quokka bites you.
* * * LOW HITPOINT WARNING * * *
😨 HP[-3]
You take 3 damage, and now have 5/13 hp.
MASSIVE DAMAGE!! (PAUSE)
You hit the quokka. The quokka bites you.
* * * LOW HITPOINT WARNING * * *
😱 HP[-2]
You take 2 damage, and now have 3/13 hp.
You hit the quokka.
You kill the quokka! 😨 HP[+1]
g - 5 stones You now have 25 gold pieces (gained 15).
A bat comes into view. 😎 HP[+9]
Your hp is fully restored (13).
A bat is nearby!
The bat closely misses you.
You hit the bat. The bat hits you but does no damage.
A bat is nearby!
You hit the bat.
You kill the bat!
No target in view!
A frilled lizard and an endoplasm come into view.
A malevolent force fills the Dungeon...
You fall into a shaft and drop 1 floor!
The shaft crumbles and collapses.
Found 8 stones and 5 gold pieces.
Found a basalt altar of Yredelemnul.
Key pressed, stopping explore.
No target in view!
No target in view!
g - 13 stones (gained 8) Key pressed, stopping explore.
No target in view!
No target in view!
No target in view!
No target in view!
There is a basalt altar of Yredelemnul here.
You now have 30 gold pieces (gained 5).
An adder comes into view.
No target in view!
An adder is nearby!
The adder hisses angrily.
The adder misses you.
An adder is nearby!
An adder is nearby!
You closely miss the adder. The adder bites you but does no damage.
You hit the adder. The adder bites you.
You are poisoned.
The adder poisons you! 😕 HP[-1]
You take 1 damage, and now have 12/13 hp.
You hit the adder.
You feel sick. The adder bites you.
You are lethally poisoned!
The adder poisons you!
You are too injured to fight recklessly! 😮 HP[-4]
You take 4 damage, and now have 8/13 hp.
MASSIVE DAMAGE!! (PAUSE)
You closely miss the adder.
* * * LOW HITPOINT WARNING * * *
You feel sick. The adder bites you.
* * * LOW HITPOINT WARNING * * *
The adder closely misses you. 😨 HP[-4]
You take 4 damage, and now have 4/13 hp.
MASSIVE DAMAGE!! (PAUSE)
You hit the adder.
* * * LOW HITPOINT WARNING * * *
You feel sick. The adder closely misses you. 😱 HP[-2]
You take 2 damage, and now have 2/13 hp.
You barely miss the adder.
* * * LOW HITPOINT WARNING * * *
You feel sick. The adder completely misses you.
Unknown command.
You miss the adder.
* * * LOW HITPOINT WARNING * * *
You feel sick. The adder bites you.
You die...

Skill      XL: |  1 |
---------------+----+-----
Short Blades   | 1 |  1.1
Fighting       | |  0.2
Dodging        | |  1.7
Stealth        | |  2.8
Spellcasting   | |  2.0
Hexes          | |  3.0

Action                     || total
---------------------------++-------
  Melee: Dagger            ||    20
   Stab: Sleeping          ||     2
 Armour: Robe              ||    10
  Dodge: Dodged            ||    11

Levels and vault maps discovered:
D:1:      minmay_arrival_four_houses, layout_loops_ring, minmay_nonomino_d4
D:2:      layout_loops_cross, basic_altar

Notes
Turn   | Place    | Note
-------+----------+-------------------------------------------
     0 | D:1      | kae the Demonspawn Enchanter began the quest for the Orb.
     0 | D:1      | Reached XP level 1. HP: 13/13 MP: 3/3
     0 | D:1      | magus.rc [v1.11.3]
    32 | D:1      | Reached skill level 1 in Short Blades
    48 | D:1      | HP: 3/13 [quokka (2)]
   105 | D:1      | You fall into a shaft and drop 1 floor!
   105 | D:2      | Found a basalt altar of Yredelemnul.
   131 | D:2      | HP: 2/13 [poisoned by an adder]
   133 | D:2      | Slain by an adder

Vanquished Creatures
  A ball python (D:1)
  A hobgoblin (D:1)
  A quokka (D:1)
  A bat (D:1)
4 creatures vanquished.

Table legend:
 A = Non-vault XP
 B = Vault XP
 C = Vault XP percentage of total XP
 D = Non-vault monster count
 E = Vault monster count
 F = Vault count percentage of total count
                 A         B        C        D         E       F
            +---------+---------+-------+---------+---------+-------
      Total |       6 |       1 |  14.3 |       3 |       1 |  25.0
            +---------+---------+-------+---------+---------+-------
        D:1 |       6 |       1 |  14.3 |       3 |       1 |  25.0
            +---------+---------+-------+---------+---------+-------

Skill      XL: |  1 |
---------------+----+-----
Short Blades   | 1 |  1.1
Fighting       | |  0.2
Dodging        | |  1.7
Stealth        | |  2.8
Spellcasting   | |  2.0
Hexes          | |  3.0

Action                     || total
---------------------------++-------
  Melee: Dagger            ||    20
   Stab: Sleeping          ||     2
 Armour: Robe              ||    10
  Dodge: Dodged            ||    11

Illustrated notes

Table legend:
 A = Kills in this place as a percentage of kills in the entire game.
 B = Kills by you in this place as a percentage of kills by you in the entire game.
 C = Kills by friends in this place as a percentage of kills by friends in the entire game.
 D = Other kills in this place as a percentage of other kills in the entire game.
 E = Experience gained in this place as a percentage of experience gained in the entire game.
 F = Experience gained in this place divided by the number of levels of this place that you have seen.
                   A       B       C       D       E      F
               +-------+-------+-------+-------+-------+----------------------
         Total | 100.0 | 100.0 |   N/A |   N/A | 100.0 |   3.5
       Dungeon | 100.0 | 100.0 |   N/A |   N/A | 100.0 |   3.5
               +-------+-------+-------+-------+-------+----------------------

Table legend: (Time is in decaauts)
 A = Elapsed time spent in this place.
 B = Non-inter-level travel time spent in this place.
 C = Inter-level travel time spent in this place.
 D = Time resting spent in this place.
 E = Time spent auto-exploring this place.
 F = Levels seen in this place.
 G = Mean time per level.
                   A        B        C        D        E       F      G
               +--------+--------+--------+--------+--------+-----+--------+
         Total |    131 |    131 |      0 |      0 |     91 |   2 |   65.5 |
       Dungeon |    131 |    131 |      0 |      0 |     91 |   2 |   65.5 |
               +--------+--------+--------+--------+--------+-----+--------+

Top non-repeatable levels by time:
     D:1: 104 daAuts
     D:2: 27 daAuts
